 Dungeon Crawl Stone Soup version 0.25.1-1-g288607f5aa (webtiles) character file.

Game seed: 7031293154009469388

291 H0rd4k the Insei (level 6, 0/38 HPs)
             Began as an Octopode Transmuter on July 24, 2020.
             Slain by Prince Ribbit (13 damage)
             ... on level 5 of the Dungeon.
             The game lasted 00:06:01 (3033 turns).

H0rd4k the Insei (Octopode Transmuter)              Turns: 3033, Time: 00:06:01

Health: 0/38       AC:  1    Str: 10    XL:     6   Next: 32%
Magic:  10/10      EV: 14    Int: 17    God:
Gold:   83         SH:  0    Dex: 12    Spells: 5/11 levels left

rFire    . . .     SeeInvis .     - Unarmed
rCold    . . .     Gourm    .   (no shield)
rNeg     . . .     Faith    .   (helmet restricted)
rPois    .         Spirit   .   (no amulet)
rElec    .         Reflect  .   (no ring)
rCorr    .         Harm     .   (no ring)
MR       .....                  (no ring)
Stlth    +++.......             (no ring)
HPRegen  0.12/turn              (no ring)
MPRegen  0.12/turn              (no ring)
                                (no ring)
                                (no ring)

@: appendage (expiring)
A: almost no armour, stealthy swim, amphibious, 8 rings, constrict 8, tentacle
spike 3, camouflage 1, gelatinous body 1
a: End Transformation


You were on level 5 of the Dungeon.
You were hungry.
One of your tentacles had a temporary spike.
You visited 1 branch of the dungeon, and saw 5 of its levels.

You collected 83 gold pieces.

Inventory:

Missiles
 a - 41 arrows
 e - 4 javelins (quivered)
Magical Staves
 h - an uncursed staff of wizardry
Wands
 f - a wand of enslavement (8)
Scrolls
 g - a scroll of remove curse
Potions
 b - a potion of ambrosia
 k - a potion of curing
 n - a potion of degeneration
 o - 2 potions of stabbing {unknown}
Comestibles
 c - 2 rations
 d - 4 chunks of flesh


   Skills:
 + Level 1.3 Fighting
 + Level 2.9 Dodging
 + Level 3.0 Stealth
 + Level 4.5 Unarmed Combat
 * Level 3.2 Spellcasting
 * Level 3.0 Transmutations
 + Level 0.3 Poison Magic


You had 5 spell levels left.
You knew the following spells:

 Your Spells              Type           Power        Failure   Level  Hunger
a - Beastly Appendage     Tmut           ##....       4%          1    None
b - Sticks to Snakes      Tmut           ##......     8%          2    ##.....
c - Spider Form           Tmut/Pois      #.........   26%         3    ###....

Your spell library contained the following spells:

 Spells                   Type           Power        Failure   Level  Hunger
 Ice Form                 Ice/Tmut       #.......     65%         4    ####...
 Blade Hands              Tmut           ##........   80%         5    ######.


Dungeon Overview and Level Annotations

Branches:
Dungeon (5/15)
 Temple: D:4-7

Altars:
Qazlal

Annotations:
D:1 exclusion: downstairs
D:2 Sigmund
D:5 Prince Ribbit


Innate Abilities, Weirdness & Mutations

You cannot wear most types of armour.
You are very stealthy in the water. (Stealth+)
You are amphibious.
You can wear up to eight rings at the same time.
You can use your tentacles to constrict eight enemies at once.
Your skin changes colour to match your surroundings (Stealth+).
Your rubbery body absorbs attacks. (AC +1, EV +1)
One of your tentacles bears a large vicious spike.


Message History

Confirm with . or Enter, or press ? or * to list all spells.
One of your tentacles grows a vicious spike.
You closely miss Prince Ribbit. Your grab misses Prince Ribbit.
Prince Ribbit blinks!
Evoke which item? (* to show all) (? for menu, Esc to quit)
Okay, then.
Your transformation is almost over.
You are feeling hungry.
An adder comes into view.
Prince Ribbit hits you!
You tentacle-slap Prince Ribbit. Your grab misses Prince Ribbit.
Your tentacle spike misses Prince Ribbit.
Prince Ribbit is lightly wounded.
Prince Ribbit hits you!!
You hear an angry hiss.
You tentacle-slap Prince Ribbit. Your grab misses Prince Ribbit.
Your tentacle spike misses Prince Ribbit.
Prince Ribbit is lightly wounded.
Prince Ribbit hits you!
You die...

.... ...# ##
....## ..
....##### #S
#...#..####### #.
##....<.......
#..#@F....#######
#........#
.#########.###
.......F...#
##....[..###
#.#######


You could see Prince Ribbit.

Vanquished Creatures
  An ogre (D:4)
  A gnoll shaman (D:4)
  Jessica (D:3)
  5 gnolls (D:4)
  5 adders
  A worm (D:2)
  2 dart slugs (D:1)
  2 leopard geckos (D:2)
  A giant cockroach (D:1)
  4 hobgoblins
  10 jackals
  8 kobolds
  2 quokkas (D:3)
  3 bats
  6 frilled lizards
  5 goblins
  9 rats
66 creatures vanquished.

Notes
Turn   | Place    | Note
-------+----------+-------------------------------------------
     0 | D:1      | H0rd4k the Octopode Transmuter began the quest for the Orb.
     0 | D:1      | Reached XP level 1. HP: 13/13 MP: 3/3
    67 | D:1      | Reached XP level 2. HP: 7/18 MP: 5/5
   654 | D:1      | Reached XP level 3. HP: 23/23 MP: 6/6
   658 | D:1      | Learned a level 2 spell: Sticks to Snakes
   662 | D:1      | Learned a level 3 spell: Spider Form
  1016 | D:2      | Reached skill level 1 in Stealth
  1185 | D:2      | Noticed Sigmund
  1334 | D:2      | Reached XP level 4. HP: 13/28 MP: 5/7
  2009 | D:2      | Found a stormy altar of Qazlal.
  2165 | D:3      | Reached skill level 4 in Unarmed Combat
  2247 | D:3      | Noticed Jessica
  2254 | D:3      | Killed Jessica
  2254 | D:3      | Reached XP level 5. HP: 33/33 MP: 5/9
  2546 | D:4      | Noticed an ogre
  2558 | D:4      | Killed an ogre
  2748 | D:4      | Reached XP level 6. HP: 38/38 MP: 8/10
  3016 | D:5      | Entered Level 5 of the Dungeon
  3016 | D:5      | Noticed Prince Ribbit
  3033 | D:5      | Slain by Prince Ribbit

Illustrated notes

Levels and vault maps discovered:
D:1:      dpeg_arrival_erosion, layout_rooms
D:2:      layout_rooms, grunt_qazlal_clouds, uniq_crazy_yiuf_cottage,
          uniq_sigmund
D:3:      layout_loops_cross, uniq_jessica, uniq_grinder
D:4:      layout_gridville, first_ration, chequers_serial_rivers_marsh,
          uniq_edmund, uniq_menkaure, uniq_blork_the_orc, uniq_robin
D:5:      layout_loops_ring, kennysheep_generic_room_13, uniq_duvessa,
          uniq_prince_ribbit1

Skill      XL: |  1  2  3  4  5  6 |
---------------+-------------------+-----
Stealth        | 1 2 3 |  3.0
Unarmed Combat | 4 |  4.5
Spellcasting   | 3 |  3.2
Transmutations | 3 |  3.0
Fighting       | |  1.3
Dodging        | |  2.9
Poison Magic   | |  0.3

Action                   |  1- 3 |  4- 6 || total
-------------------------+-------+-------++-------
Melee: Unarmed           |    80 |    45 ||   125
       Constrict         |    27 |    18 ||    45
       Tentacles         |    13 |    15 ||    28
       Staff             |     5 |    19 ||    24
       Kick              |     3 |    13 ||    16
       Punch             |     3 |     1 ||     4
 Cast: Beastly Appendage |     3 |    10 ||    13
       Spider Form       |       |     1 ||     1
  Use: Scroll            |       |    10 ||    10
 Stab: Sleeping          |     6 |       ||     6
       Distracted        |       |     1 ||     1
  Eat: Chunk             |     1 |     2 ||     3
       Ration            |       |     1 ||     1
Armor: Skin              |     7 |     1 ||     8
Dodge: Dodged            |    49 |    40 ||    89
